 Dungeon Crawl Stone Soup version 0.31-a0-557-g6e16503903 (webtiles) character file.

Game seed: 15822806487410131488

465 randomguy2701 the Grave Robber (level 6, -9/32 HPs)
             Began as a Deep Elf Necromancer on Aug 16, 2023.
             Was an Initiate of Ashenzari.
             Killed by miscasting Sticky Flame (14 damage)
             ... on level 4 of the Dungeon.
             The game lasted 00:11:54 (4261 turns).

randomguy2701 the Grave Robber (DENe)               Turns: 4261, Time: 00:11:57

Health: -9/32      AC:  2    Str:  5    XL:     6   Next: 80%
Magic:  5/18       EV: 28    Int: 22    God:    Ashenzari [......]
Gold:   253        SH:  0    Dex: 15    Spells: 7/19 levels left

rFire   . . .        (no weapon)
rCold   . . .        (no shield)
rNeg    . . .        a - +0 robe
rPois   .            (no helmet)
rElec   .            (no cloak)
rCorr   .            (no gloves)
SInv    .            (no boots)
Will    .....        l - amulet of Ashenzari's Pessimism {Acrobat, Dev, Elem} (curse)
Stlth   ++           (no ring)
HPRegen 0.25/turn    (no ring)
MPRegen 0.16/turn

%: acrobat
@: acrobatic, very slightly contaminated
A: no striking features
a: Renounce Religion, Shatter the Chains


You were on level 4 of the Dungeon.
You worshipped Ashenzari.
Ashenzari was noncommittal.
You visited 1 branch of the dungeon, and saw 4 of its levels.

You collected 253 gold pieces.

Inventory:

Armour
 a - a +0 robe (worn)
Jewellery
 l - the cursed amulet of Ashenzari's Pessimism (around neck) {Acrobat, Dev, Elem}
   (You found it on level 3 of the Dungeon)

   [amulet of the acrobat]

   Acrobat:   It increases your evasion while moving and waiting.
   It has a curse which improves the following skills: Devices: Evocations and
   Shapeshifting.
   Elements:  Fire Magic, Ice Magic, Air Magic and Earth Magic.
 m - an amulet of reflection
 t - a ring of wizardry
Scrolls
 e - a scroll of revelation {unknown}
 f - a scroll of poison {unknown}
 g - 5 scrolls of identify {unknown}
 h - 3 scrolls of enchant armour {unknown}
 j - 3 scrolls of immolation {unknown}
 n - 3 scrolls of teleportation {unknown}
 o - a scroll of acquirement {unknown}
 r - a scroll of vulnerability {unknown}
 s - a scroll of brand weapon {unknown}
 v - a scroll of fear {unknown}
Potions
 b - a potion of magic
 c - 4 potions of mutation {unknown}
 d - 4 potions of curing {unknown}
 i - a potion of attraction {unknown}
 k - 3 potions of heal wounds {unknown}
 p - a potion of haste {unknown}
 q - a potion of ambrosia {unknown}
 u - a potion of lignification {unknown}


   Skills:
 + Level 2.8 Dodging
 + Level 3.0 Stealth
 + Level 7.2 Spellcasting
 + Level 7.5 Necromancy


You had 7 spell levels left.
You knew the following spells:

 Your Spells              Type           Power      Damage    Failure   Level
a - Necrotise             Necr           100%       1d9       1%          1
b - Vampiric Draining     Necr           40%        2d8       1%          3
c - Flame Wave            Conj/Fire      7%         2d5       63%         4
d - Sticky Flame          Conj/Fire      7%         2d3       63%         4

Your spell library contained the following spells:

 Spells                   Type           Power      Damage    Failure   Level
 Animate Dead             Necr           40%        N/A       3%          4
 Cigotuvi's Dreadful Rot  Necr/Pois/Air  36%        N/A       4%          2
 Apportation              Tloc           14%        N/A       9%          1
 Agony                    Necr           40%        N/A       11%         5
 Anguish                  Hex/Necr       12%        N/A       17%         4
 Ignite Poison            Fire/Tmut/Pois 7%         N/A       24%         3
 Inner Flame              Hex/Fire       7%         N/A       24%         3
 Borgnjor's Vile Clutch   Necr/Erth      12%        N/A       43%         5
 Alistair's Intoxication  Tmut/Pois      4%         N/A       92%         5
 Freezing Cloud           Conj/Ice/Air   4%         6-21      92%         5


Dungeon Overview and Level Annotations

Branches:
Dungeon (4/15)
 Temple: D:4-7

Altars:
Ashenzari
Elyvilon
Gozag
Okawaru
Zin

Shops:
D:3 *

Annotations:
D:4 Menkaure


Message History

Casting: Sticky Flame (astonishingly dangerous; 63% risk of failure)
Confirm with . or Enter, or press ? or * to list all spells.
Aiming: Sticky Flame (astonishingly dangerous; 63% risk of failure)
Press: ? - help, Shift-Dir - straight line, f/p - Menkaure
Aim: Menkaure You miscast Sticky Flame.
Nothing appears to happen.
Menkaure misses you.
Casting: Sticky Flame (astonishingly dangerous; 63% risk of failure)
Confirm with . or Enter, or press ? or * to list all spells.
Okay, then.
Menkaure calls on the powers of darkness!
Your body is wracked with pain!
* * * LOW HITPOINT WARNING * * *
Menkaure mumbles some strange words.
Menkaure seems to speed up.
Okay, then.
Menkaure calls on the powers of darkness!
Your body is wracked with pain!
* * * LOW HITPOINT WARNING * * *
Menkaure casts a spell at you. Pain shoots through your body!
* * * LOW HITPOINT WARNING * * *
Menkaure calls on the powers of darkness!
You feel a surge of unholy energy.
Menkaure points at you and mumbles some strange words.
Pain shoots through your body!
* * * LOW HITPOINT WARNING * * *
Menkaure casts a spell at you.
You struggle to resist.
Your magical contamination has completely faded away.
Menkaure points at you and mumbles some strange words.
You struggle to resist.
Casting: Sticky Flame (astonishingly dangerous; 63% risk of failure)
Confirm with . or Enter, or press ? or * to list all spells.
Aiming: Sticky Flame (astonishingly dangerous; 63% risk of failure)
Press: ? - help, Shift-Dir - straight line, f/p - Menkaure
Aim: Menkaure (fast)
You miscast Sticky Flame.
You are very lightly contaminated with residual magic.
A wave of violent energy washes through your body!
You die...

###...####.........####...#.#####
#..## ##.......## ##.##.# # #.##
##.....## ####.# # #.# ##...##
#M# #.# ##+## #.# #.# #.# #.# #.#
#.############.# #.#
##.#.M..........# #.#
#####...@############ #.#
#........# #.# ##.###...##
#.####...###.## #........# #.#
######...# #.# #####.### #.#
#.)...# #.# ##.###### #.#


You could see Menkaure (fast).

Vanquished Creatures
  A gnoll sergeant (D:4)
  2 scorpions
  A hound (D:4)
  An iguana (D:4)
  7 gnolls
  5 adders
  3 worms
  7 dart slugs
  4 orcs
  6 bats
  6 endoplasms
  2 giant cockroaches (D:1)
  4 goblins
  7 hobgoblins
  5 jackals
  3 quokkas
  5 ball pythons
  3 frilled lizards (D:3)
  7 kobolds
  6 rats
85 creatures vanquished.

Vanquished Creatures (collateral kills)
  An adder (D:3)
  A ball python (D:3)
2 creatures vanquished.

Grand Total: 87 creatures vanquished

Notes
Turn   | Place    | Note
-------+----------+-------------------------------------------
     0 | D:1      | randomguy2701 the Deep Elf Necromancer began the quest for
                  | the Orb.
     0 | D:1      | Reached XP level 1. HP: 10/10 MP: 6/6
    51 | D:1      | Reached skill level 5 in Necromancy
   239 | D:1      | Reached XP level 2. HP: 15/15 MP: 2/8
  1133 | D:2      | Reached XP level 3. HP: 19/19 MP: 3/9
  1657 | D:2      | Found an opulent altar of Gozag.
  2033 | D:3      | Got the Compendium of Viperous Mortification
  2071 | D:3      | Reached XP level 4. HP: 24/24 MP: 3/12
  2251 | D:3      | Found a white marble altar of Elyvilon.
  2254 | D:3      | Found a broken altar of Ashenzari.
  2259 | D:3      | Found a glowing silver altar of Zin.
  2414 | D:3      | Reached skill level 5 in Spellcasting
  2675 | D:3      | Reached XP level 5. HP: 16/28 MP: 10/14
  2838 | D:3      | Found Berosm's Assorted Antiques.
  3065 | D:3      | Became a worshipper of Ashenzari the Shackled
  3145 | D:4      | Noticed Menkaure
  3201 | D:4      | Learned a level 3 spell: Vampiric Draining
  3337 | D:4      | Reached XP level 6. HP: 32/32 MP: 10/17
  4047 | D:4      | Learned a level 4 spell: Flame Wave
  4098 | D:4      | Found an iron altar of Okawaru.
  4210 | D:4      | Learned a level 4 spell: Sticky Flame
  4247 | D:4      | HP: 1/32 [Menkaure/nerve-wracking pain (1)]
  4261 | D:4      | Killed by miscasting Sticky Flame

Illustrated notes

Levels and vault maps discovered:
D:1:      amcnicky_arrival_gap_in_the_tavern_cellar, layout_loops_corners
D:2:      layout_loops_cross, basic_altar
D:3:      minmay_razor_zed, layout_rooms, general_overflow_altar,
          grunt_temple_overflow_open, serial_shops, shop, due_unseen_surprise
D:4:      layout_loops_corners, nicolae_overflow_hidden_temple,
          nicolae_grassy_gnolls, uniq_menkaure

Skill      XL: |  1  2  3  4  5  6 |
---------------+-------------------+-----
Necromancy     | 5 6 7 |  7.5
Spellcasting   | 4 5 6 7 |  7.2
Stealth        | 3 |  3.0
Dodging        | |  2.8

Action                     |  1- 3 |  4- 6 || total
---------------------------+-------+-------++-------
   Cast: Necrotise         |    78 |   102 ||   180
         Vampiric Draining |       |     7 ||     7
 Invoke: Curse Item        |       |     1 ||     1
 Armour: Robe              |     2 |     3 ||     5
  Dodge: Dodged            |     6 |    29 ||    35

Table legend: (Time is in decaauts)
 A = Elapsed time spent in this place.
 B = Non-inter-level travel time spent in this place.
 C = Inter-level travel time spent in this place.
 D = Time resting spent in this place.
 E = Time spent auto-exploring this place.
 F = Levels seen in this place.
 G = Mean time per level.
                   A        B        C        D        E       F      G
               +--------+--------+--------+--------+--------+-----+--------+
         Total |   4260 |   4074 |    186 |      0 |   3401 |   4 | 1065.0 |
       Dungeon |   4260 |   4074 |    186 |      0 |   3401 |   4 | 1065.0 |
               +--------+--------+--------+--------+--------+-----+--------+

Top non-repeatable levels by time:
     D:3: 1234 daAuts
     D:1: 1113 daAuts
     D:4: 1048 daAuts
     D:2: 864 daAuts
